 Dungeon Crawl Stone Soup version 0.17-a0-1519-g2001520 (webtiles) character file.

12296 amnekian the Slicer (level 12, 0/72 HPs)
             Began as a Halfling Fighter on July 12, 2015.
             Was an Elder of Okawaru.
             Slain by a 19-headed hydra (7 damage)
             ... on level 1 of the Lair of Beasts on July 13, 2015.
             The game lasted 01:37:38 (19050 turns).

amnekian the Slicer (Halfling Fighter)             Turns: 19050, Time: 01:37:38

Health: 0/72       AC: 20    Str: 23    XL:     12   Next: 18%
Magic:  12/12      EV: 23    Int:  9    God:    Okawaru [****..]
Gold:   713        SH: 13    Dex: 17    Spells: 0 memorised, 11 levels left

rFire  . . .     SeeInvis .     a - +2 long sword
rCold  . . .     Clarity  .     m - +0 plate armour
rNeg   . . .     SustAt   .     c - +1 shield
rPois  .         Gourm    .     Q - +0 helmet
rElec  .         Spirit   .     z - +0 cloak
rCorr  .         Warding  .     (no gloves)
rMut   .         Stasis   .     (no boots)
MR     .....                    (no amulet)
Stlth  +.........               H - +6 ring of evasion
                                u - +2 ring of strength

@: mighty, heroism, not resistant to hostile enchantments, very unstealthy
A: mutation resistance 1
a: Heroism, Renounce Religion


You were on level 1 of the Lair of Beasts.
You worshipped Okawaru.
Okawaru was greatly pleased with you.
You were very hungry.

You visited 3 branches of the dungeon, and saw 14 of its levels.

You collected 759 gold pieces.
You spent 46 gold pieces at shops.

Inventory:

Hand weapons
 a - a +2 long sword (weapon)
 b - a +0 hunting sling of evasion
 B - a +1 blowgun
Missiles
 r - 20 sling bullets
 s - 261 stones
 y - 9 tomahawks (quivered)
 A - 71 poisoned needles
 D - 8 curare-tipped needles
 S - 44 sling bullets of frost
Armour
 c - a +1 shield (worn)
 g - a +0 buckler
 m - a +0 plate armour (worn)
 z - a +0 cloak (worn)
 Q - a +0 helmet (worn)
Jewellery
 u - a +2 ring of strength (left hand)
 H - a +6 ring of evasion (right hand)
 X - a +3 ring of dexterity
Magical devices
 d - a wand of magic darts (21)
 h - a wand of slowing (26)
 x - a wand of disintegration (17)
 I - a wand of slowing (24)
 L - a wand of digging (8)
 N - a wand of lightning (4)
 O - a wand of lightning (9)
 U - a wand of draining (0)
 V - a wand of draining (6)
 Y - a wand of confusion (30)
Scrolls
 k - 2 scrolls of identify
 l - 3 scrolls of remove curse
 w - a scroll of fear {unknown}
 F - 3 scrolls of magic mapping
 G - a scroll of random uselessness {unknown}
 K - a scroll of amnesia {unknown}
 M - a scroll of enchant weapon
 T - a scroll of fog
Potions
 f - 5 potions of curing
 i - a potion of brilliance {unknown}
 j - a potion of invisibility {unknown}
 n - a potion of might
 o - 2 potions of agility
 q - 4 potions of flight
 t - 4 potions of heal wounds
 v - 2 potions of haste {unknown}
 C - a potion of berserk rage {unknown}
 E - a potion of cancellation {unknown}
 P - 2 potions of resistance
Books
 R - a book of Summonings

   Spells                             Type                      Level
   a - Recall                         Summoning/Translocation      3
   b - Aura of Abjuration             Summoning                    5
   c - Shadow Creatures               Summoning                    5
   d - Summon Demon                   Summoning                    5
   e - Summon Forest                  Summoning/Translocation      5
   f - Summon Mana Viper              Hexes/Summoning              5
Miscellaneous
 W - an ornate deck of wonders
Comestibles
 e - 12 bread rations
 p - 4 meat rations
 J - 7 slices of pizza


   Skills:
 - Level 3.1(8.1) Fighting
   Level 11.0(17.8) Short Blades
 - Level 8.5(15.1) Long Blades
 - Level 7.2(12.2) Slings
 - Level 10.1(15.1) Armour
 - Level 10.0(15.0) Dodging
 * Level 4.8(9.8) Stealth
 - Level 3.2(8.2) Shields


You had 11 spell levels left.
You didn't know any spells.

Dungeon Overview and Level Annotations

Branches:
Dungeon (12/15)            Temple (1/1) D:6            Lair (1/8) D:11
    Orc (0/4) D:11

Altars:
Ashenzari
Cheibriados
Dithmenos
Elyvilon
Fedhas
Gozag
Kikubaaqudgha
Makhleb
Nemelex Xobeh
Okawaru
Qazlal
Ru
Sif Muna
Trog
Vehumet
Xom
Yredelemnul
Zin
The Shining One

Shops:
D:4 (   D:5 }   D:7 *   D:8 [

Annotations:
D:7 Dowan, Duvessa
D:8 MIBE GHOST , exclusion: downstairs
D:9 George's ghost, experienced MiFi


Innate Abilities, Weirdness & Mutations

You are small and have problems with some larger weapons.
You are somewhat resistant to further mutation.


Message History

The 19-headed hydra bites you but does no damage.
You block the 19-headed hydra's attack. x2
The 19-headed hydra barely misses you.
The 19-headed hydra bites you but does no damage.
The 19-headed hydra bites you.
* * * LOW HITPOINT WARNING * * *
The 19-headed hydra closely misses you. x2
You block the 19-headed hydra's attack. The 19-headed hydra barely misses you.
The 19-headed hydra bites you but does no damage.
The 19-headed hydra completely misses you.
The 19-headed hydra closely misses you. You block the 19-headed hydra's attack.
Unknown command.
Unknown command.
Unknown command.
You block the yak's attack. The river rat completely misses you.
The river rat completely misses you. You block the 19-headed hydra's attack.
You block the 19-headed hydra's attack.
The 19-headed hydra completely misses you.
The 19-headed hydra bites you!
You die...

#...................##
.....########.......#
......# #.......#
.....(.# ##.......##
#.........#
##.......## #r......#
#rDr....## #@rr.....#
#Y#####.## #Y# #.#


YY# #.# .Y# #.# ...# #.### ##.# #...#♣♣♣## #.## #....≈≈≈≈# #..P###....PP≈≈♣ You
could see a 19-headed hydra, 5 yaks and 5 river rats.

Vanquished Creatures
  A centaur warrior (D:9)
  2 unseen horrors (D:11)
  2 gargoyles
  A spiny frog (Lair:1)
  A fire drake (D:11)
  Prince Ribbit (D:6)
  5 yaks (D:9)
  A spriggan (D:9)
  2 wyverns
  A deep elf mage (D:10)
  2 hippogriffs
  Menkaure (D:7)
  Edmund (D:4)
  A steam dragon (D:9)
  A hungry ghost (D:11)
  4 water moccasins
  3 sky beasts
  3 ice beasts
  A mottled dragon (D:11)
  8 ogres
  4 orc warriors
  3 phantoms
  2 crocodiles
  7 centaurs
  2 big kobolds (D:10)
  5 giant frogs
  8 killer bees
  A wyvern skeleton (D:8)
  A gnoll sergeant (D:11)
  8 scorpions
  5 wights
  10 crimson imps
  A giant frog zombie (D:10)
  4 electric eels (D:9)
  5 jellies
  8 orc wizards
  3 iguanas
  A quasit (D:10)
  3 centaur skeletons
  4 worker ants
  6 hounds
  3 giant frog skeletons
  4 orc priests
  2 killer bee zombies
  3 hound skeletons
  A worker ant zombie (D:9)
  10 gnolls
  2 river rats (Lair:1)
  16 adders
  4 shadow imps
  An adder zombie (D:8)
  3 worms
  6 giant geckos
  55 orcs
  15 bats
  A bat skeleton (D:5)
  14 giant cockroaches
  12 goblins
  21 hobgoblins
  9 jackals
  6 quokkas
  A ball python (D:1)
  4 giant newts
  A jackal skeleton (D:6)
  21 kobolds
  20 rats
368 creatures vanquished.

Vanquished Creatures (others)
  An orc (D:4)
  A bat (D:4)
  2 hobgoblins
  2 jackals (D:4)
  A kobold (D:4)
  A fungus (Lair:1)
  3 plants
11 creatures vanquished.

Grand Total: 379 creatures vanquished

Notes
Turn   | Place    | Note
--------------------------------------------------------------
     0 | D:1      | amnekian the Halfling Fighter began the quest for the Orb.
     0 | D:1      | Reached XP level 1. HP: 15/15 MP: 1/1
    86 | D:1      | Reached XP level 2. HP: 18/20 MP: 2/2
   271 | D:1      | Reached skill level 4 in Short Blades
   598 | D:2      | Reached XP level 3. HP: 22/25 MP: 3/3
   825 | D:2      | Reached skill level 5 in Short Blades
   858 | D:2      | Reached XP level 4. HP: 26/30 MP: 4/4
  1025 | D:2      | Found a stormy altar of Qazlal.
  1107 | D:2      | Reached skill level 6 in Short Blades
  1931 | D:3      | Reached XP level 5. HP: 33/35 MP: 5/5
  2694 | D:3      | Reached skill level 7 in Short Blades
  2909 | D:3      | Reached XP level 6. HP: 37/41 MP: 6/6
  2958 | D:3      | Found a shadowy altar of Dithmenos.
  2963 | D:3      | Found a bloodstained altar of Trog.
  2964 | D:3      | Found a white marble altar of Elyvilon.
  3221 | D:4      | Found a shimmering altar of Xom.
  3232 | D:4      | Reached skill level 8 in Short Blades
  3607 | D:4      | Reached skill level 9 in Short Blades
  3607 | D:4      | Reached XP level 7. HP: 14/45 MP: 7/7
  3853 | D:4      | Noticed Edmund
  3917 | D:4      | Killed Edmund
  4023 | D:4      | Found Vuatt's Weapon Boutique.
  4420 | D:5      | Entered Level 5 of the Dungeon
  4729 | D:4      | HP: 2/45 [poisoned by kobold (curare-tipped needle)]
  4736 | D:4      | HP: 1/45 [poisoned by kobold (curare-tipped needle)]
  5132 | D:5      | Reached skill level 5 in Dodging
  5132 | D:5      | Reached XP level 8. HP: 51/51 MP: 8/8
  5159 | D:5      | Found Seawn's Quality Used Wands.
  6279 | D:5      | Found a sparkling altar of Nemelex Xobeh.
  6387 | D:5      | Reached skill level 10 in Short Blades
  6512 | D:6      | Noticed Prince Ribbit
  6977 | D:6      | Reached XP level 9. HP: 36/55 MP: 9/9
  7061 | D:6      | Found a shattered altar of Ashenzari.
  7134 | D:6      | Reached skill level 11 in Short Blades
  7271 | D:6      | Found a staircase to the Ecumenical Temple.
  7276 | Temple   | Entered the Ecumenical Temple
  7369 | Temple   | Became a worshipper of Warmaster Okawaru
  7860 | D:7      | Found Wubis's Serpentskin Sales.
  7938 | D:7      | Reached skill level 5 in Slings
  7945 | D:7      | Bought 6 curare-tipped needles for 36 gold pieces
  7945 | D:7      | Bought a potion of poison for 10 gold pieces
  8241 | D:6      | Killed Prince Ribbit
  8241 | D:6      | Acquired Okawaru's first power
  8664 | D:5      | Found Seawn's Quality Used Wands.
  9019 | D:7      | Found an ancient bone altar of Kikubaaqudgha.
  9348 | D:7      | Noticed Menkaure
  9554 | D:7      | Noticed Duvessa
  9555 | D:7      | Noticed Dowan
  9645 | D:8      | Found Doduilug's Antique Armour Emporium.
  9774 | D:8      | Reached XP level 10. HP: 61/61 MP: 10/10
 10409 | D:7      | Killed Menkaure
 10703 | D:7      | Reached skill level 10 in Dodging
 10882 | D:7      | Reached skill level 1 in Long Blades
 12346 | D:9      | Noticed a centaur warrior
 12375 | D:9      | Killed a centaur warrior
 12901 | D:9      | Reached XP level 11. HP: 58/66 MP: 11/11
 13411 | D:9      | Noticed George's ghost (experienced MiFi)
 13613 | D:8      | Upgraded the game from 0.17-a0-1515-gfae3d72 to 0.17-a0-1519-g2001520
 14915 | D:10     | Entered Level 10 of the Dungeon
 15092 | D:10     | Reached skill level 5 in Armour
 15428 | D:10     | Received a gift from Okawaru
 16237 | D:10     | Received a gift from Okawaru
 16680 | D:11     | Found a staircase to the Lair.
 16967 | Lair:1   | Entered Level 1 of the Lair of Beasts
 17251 | D:12     | Received a gift from Okawaru
 17399 | D:12     | Noticed a manticore
 17511 | D:11     | Killed an unseen horror
 17835 | D:11     | Reached XP level 12. HP: 72/72 MP: 12/12
 17907 | D:11     | Found a white marble altar of Elyvilon.
 17962 | D:11     | Killed an unseen horror
 18226 | D:11     | Found a staircase to the Orcish Mines.
 18266 | D:11     | Reached skill level 10 in Armour
 18994 | Lair:1   | Noticed a five-headed hydra
 19050 | Lair:1   | Slain by a 19-headed hydra

Vault maps used:
D:1:      lemuel_arrival_tunnels, minmay_vboxes
D:2:      lemuel_doored_altar
D:3:      minitemple
D:4:      serial_shops, kennysheep_mini_moat, first_bread, xom_confusion_cloud,
          uniq_edmund
D:5:      nemelex_altar_shiori, hangedman_abyss_or_decor_stagger,
          corexii_checkpoint_b, nicolae_for_you_no_charge
D:6:      old_standard_altar, temple_doors_e, uniq_prince_ribbit1
D:7:      kiku_gazebo_pond_becter, guppyfry_shop_venom, uniq_menkaure,
          uniq_duvessa
D:8:      serial_shops, shop_coins
D:9:      wad_river_or_something, serial_bayou, serial_bayou_pond_b,
          serial_bayou_shore_a, serial_bayou_pond_b, serial_bayou_pond_e,
          grunt_pizzeria
D:10:     kennysheep_six_static_rooms, st_stairs_13
D:11:     minmay_lair_entry_lava, hiddenorc1_lemuel, basic_altar
D:12:     serial_shops, nicolae_shop_behind_doors, due_unseen_surprise,
          uniq_azrael
Temple:   circular_temple_pool_12
Lair:1:   serial_bayou_shore_b, infiniplex_staircase_pool, lemuel_fruit_tree

Action                   |  1- 3 |  4- 6 |  7- 9 | 10-12 || total
-------------------------+-------+-------+-------+-------++-------
Melee: Rapier            |    99 |   271 |   547 |    55 ||   972
       Long sword        |       |       |       |  1049 ||  1049
 Fire: Hunting sling     |       |    40 |    17 |    57 ||   114
       Blowgun           |       |    10 |    44 |     8 ||    62
Throw: Stone             |     1 |       |     1 |       ||     2
       Tomahawk          |       |       |     3 |    17 ||    20
Invok: Heroism           |       |       |       |     7 ||     7
Evoke: Wand              |       |       |       |     3 ||     3
  Use: Potion            |       |     1 |     2 |     4 ||     7
       Scroll            |       |     9 |     2 |     4 ||    15
  Eat: Chunk             |       |     9 |    16 |    23 ||    48
       Beef jerky        |       |       |     1 |     1 ||     2
       Fruit             |       |       |     1 |     2 ||     3
       Pizza             |       |       |     1 |     3 ||     4
